 Dungeon Crawl Stone Soup version 0.21-a0-504-g2eda330 (webtiles) character file.

18 theanonym the Chopper (level 2, 0/27 HPs)
             Began as a Minotaur Chaos Knight on Nov 27, 2017.
             Slain by a sky beast (3 damage)
             ... on level 2 of the Dungeon.
             The game lasted 00:01:39 (964 turns).

theanonym the Chopper (Minotaur Chaos Knight)        Turns: 964, Time: 00:01:39

Health: 0/27       AC:  5    Str: 16    XL:     2   Next: 48%
Magic:  1/1        EV: 10    Int:  9    God:    Xom [..*...]
Gold:   76         SH:  0    Dex:  9    Spells: 1/1 levels left

rFire    + . .     SeeInvis .   a - +0 hand axe (chaos)
rCold    + . .     Gourm    .   (no shield)
rNeg     . . .     Faith    .   f - +0 ring mail
rPois    +         Spirit   .   (helmet restricted)
rElec    +         Reflect  .   (no cloak)
rCorr    +         Harm     .   (no gloves)
MR       .....                  (no boots)
Stlth    ..........             (no amulet)
HPRegen  0.09/turn              (no ring)
MPRegen  0.07/turn              (no ring)

@: resistant
A: retaliatory headbutt, horns 2
a: Renounce Religion


Innate Abilities, Weirdness & Mutations

You reflexively headbutt those who attack you in melee.
You have a pair of horns on your head.


   Skills:
 + Level 4.0 Fighting
 * Level 4.4 Axes
 - Level 2.4 Armour
 - Level 1.1 Dodging


You had one spell level left.
You didn't know any spells.

Skill      XL: |  1  2 |
---------------+-------+-----
Axes           | 4 |  4.4
Fighting       | 4 |  4.0
Armour         | |  2.4
Dodging        | |  1.1

Action                   || total
-------------------------++-------
Melee: Hand axe          ||    57
       Headbutt          ||     5
  Use: Scroll            ||     1
       Potion            ||     1
 Stab: Petrifying        ||     1
Armor: Leather armour    ||     5
       Ring mail         ||    18
Dodge: Dodged            ||    20

Inventory:

Hand Weapons
 a - a +0 hand axe of chaos (weapon)
Missiles
 e - 8 javelins (quivered)
Armour
 b - a +2 leather armour
 f - a +0 ring mail (worn)
   (You found it on level 2 of the Dungeon)
Scrolls
 d - 2 scrolls of identify {unknown}
Potions
 i - a potion of haste {unknown}
 j - a potion of curing {unknown}
 k - a potion of flight {unknown}
 l - a potion of lignification {unknown}
 m - a potion of resistance
Comestibles
 c - 3 bread rations
 g - 2 meat rations
 h - a royal jelly
 n - a chunk of flesh

Dungeon Overview and Level Annotations

Branches:
Dungeon (2/15)

Altars:


You were on level 2 of the Dungeon.
You worshipped Xom.
You were a toy of Xom.
You were not hungry.

You visited 1 branch of the dungeon, and saw 2 of its levels.

You collected 76 gold pieces.


Message History

You feel yourself speed up.
You open the door.
There is an open door here.
Found 20 arrows.
Health restored: 27 You now have 76 gold pieces (gained 11).
d - a scroll labeled URPHOU ERARCH Key pressed, stopping explore.
There is an open door here.
There is an open door here.
Xom's attention turns to you for a moment.
You are covered in a thin layer of ice.
There is an open door here.
Done exploring.
Done exploring.
Done exploring.
Done exploring.
Done exploring.
There is a stone staircase leading down, spattered with blood here.
You climb downwards.
There is a stone staircase leading up here.
Search for what [Enter for "scale || chain || plate || war a || shiel", or ? for help]?
Can't find anything matching that.
You open the door.
There is an open door here.
There is an open door here.
You open the door.
There is an open door here.
m - 2 lumpy cyan potions You open the door.
There is an open door here.
Found a stone staircase leading down.
A frilled lizard comes into view.
A frilled lizard is nearby!
A frilled lizard is nearby!
There is a stone staircase leading down here.
The frilled lizard bites you.
You take 2 damage, and have 25/27 hp.
You closely miss the frilled lizard.
Your headbutt misses the frilled lizard.
The frilled lizard closely misses you.
You hit the frilled lizard but do no damage.
The frilled lizard bites you.
You take 3 damage, and have 22/27 hp.
You hit the frilled lizard but do no damage.
The frilled lizard bites you but does no damage.
You slash the frilled lizard! You burn the frilled lizard.
You kill the frilled lizard!
No target in view!
You butcher the frilled lizard corpse.
n - a chunk of flesh You see here a frilled lizard skeleton. x2
Found a stone staircase leading up.
No target in view!
Key pressed, stopping explore.
No target in view!
d - 2 scrolls labeled URPHOU ERARCH (gained 1)
A sky beast comes into view.
A sky beast is nearby!
A sky beast is nearby!
A sky beast is nearby!
A sky beast is nearby!
The sky beast flickers out of sight!
Deactivating autopickup; reactivate with Ctrl-A.
Found 3 fruits.
No target in view!
No target in view!
No target in view!
No target in view!
No target in view!
You miss something. Something hits you but does no damage.
You barely miss something. Something hits you but does no damage.
You miss something. Your headbutt misses something. Something hits you.
Something shocks you.
You take 8 damage, and have 17/27 hp.
MASSIVE DAMAGE!!
You closely miss something. Your headbutt misses something.
Something hits you but does no damage. Something hits you.
Something shocks you.
* * * LOW HITPOINT WARNING * * *
You take 6 damage, and have 11/27 hp.
MASSIVE DAMAGE!!
You hit something.
A sky beast appears from thin air!
Reactivating autopickup.
The sky beast closely misses you.
You hit the sky beast. You burn the sky beast.
The sky beast flickers out of sight!
Deactivating autopickup; reactivate with Ctrl-A.
Something hits you.
* * * LOW HITPOINT WARNING * * *
Something shocks you.
* * * LOW HITPOINT WARNING * * *
You hit something. Sparks fly from your hand axe of chaos!
Something hits you but does no damage.
You take 8 damage, and have 3/27 hp.
MASSIVE DAMAGE!!
You hit something. You burn something. Something completely misses you.
It was a potion of resistance.
You feel protected.
Xom thinks this is hilarious!
Something hits you.
You die... "This toy is broken."

#.# ### #.# #..
#######.### #.#
#.........# #{#
#.##.##.#.#####@####
#.##.##............#
##.##.##.#.#####.......#
...........# ####.####
##.##......# %#
##.....<...# #
..###......# #.#
####.### #.# #.#


There were no monsters in sight!

Notes
Turn   | Place    | Note
-------+----------+-------------------------------------------
     0 | D:1      | theanonym the Minotaur Chaos Knight began the quest for the Orb.
     0 | D:1      | Reached XP level 1. HP: 19/19 MP: 0/0
    38 | D:1      | You fall through a shaft!
   124 | D:2      | XOM: divination: detect items
   149 | D:2      | Reached skill level 4 in Axes
   179 | D:2      | XOM: harmless Conj miscast
   185 | D:1      | HP: 10/20 [hobgoblin/club (5)]
   189 | D:1      | Reached XP level 2. HP: 14/27 MP: 1/1
   559 | D:1      | Reached skill level 4 in Fighting
   673 | D:1      | XOM is BORED!
   673 | D:1      | XOM: mild Necr miscast
   759 | D:1      | XOM: mild Ice miscast
   954 | D:2      | Noticed a sky beast
   959 | D:2      | HP: 11/27 [something (5)]
   961 | D:2      | HP: 3/27 [something (6)]
   964 | D:2      | Slain by a sky beast

Vanquished Creatures
  A giant cockroach (D:1)
  A goblin (D:1)
  3 hobgoblins
  2 jackals (D:1)
  4 kobolds
  2 frilled lizards (D:2)
  3 rats
16 creatures vanquished.
